 Dungeon Crawl Stone Soup version 0.18.1-48-g4cf74bf (console) character file.

289 Kloppie the Poker (level 6, -2/87 HPs)
             Began as a Naga Berserker on July 3, 2016.
             Was a Priest of Trog.
             Slain by a gnoll
             ... wielding a +0 spear
              (8 damage)
             ... on level 3 of the Dungeon.
             The game lasted 00:04:01 (3449 turns).

Kloppie the Poker (Naga Berserker)                  Turns: 3449, Time: 00:04:01

Health: -2/87      AC:  5    Str: 24    XL:     6   Next: 31%
Magic:  6/6        EV:  9    Int:  7    God:    Trog [***...]
Gold:   68         SH:  0    Dex: 13    Spells: 0 memorised, 5 levels left

rFire  . . .     SeeInvis +     a - +0 spear
rCold  . . .     Gourm    .     d - +0 ring mail
rNeg   . . .     Faith    .     (no shield)
rPois  +         Spirit   .     b - +1 hat
rElec  .         Dismiss  .     (no cloak)
rCorr  .         Reflect  .     (no gloves)
SustAt .         Harm     .     (no barding)
MR     .....                    (no amulet)
Stlth  ..........               (no ring)
                                (no ring)

@: berserking, quick, not resistant to hostile enchantments, extremely
unstealthy
A: see invisible, deformed body, poison resistance, slowness 2, slow metabolism
1, spit poison 2, AC +2
a: Spit Poison, Berserk, Trog's Hand, Burn Spellbooks, Renounce Religion


You were on level 3 of the Dungeon.
You worshipped Trog.
Trog was most pleased with you.
You were not hungry.

You visited 1 branch of the dungeon, and saw 3 of its levels.

You collected 68 gold pieces.

Inventory:

Hand Weapons
 a - a +0 spear (weapon)
Armour
 b - a +1 hat (worn)
 d - a +0 ring mail (worn)
Scrolls
 f - 2 scrolls of identify {unknown}
 g - a scroll of recharging {unknown}
 j - a scroll of blinking {unknown}
 l - 5 scrolls of remove curse {unknown}
 m - a scroll of enchant armour {unknown}
 n - a scroll of amnesia {unknown}
Potions
 e - a potion of curing {unknown}
 h - a potion of agility {unknown}
 i - a potion of heal wounds {unknown}
 k - a potion of cure mutation {unknown}
Comestibles
 c - a bread ration
 p - 4 fruits


   Skills:
 + Level 4.6 Fighting
 * Level 5.8 Polearms
 - Level 1.5 Armour
 - Level 1.5 Dodging


You had 5 spell levels left.
You didn't know any spells.

Dungeon Overview and Level Annotations

Branches:
Dungeon (3/15)

Altars:
Cheibriados


Innate Abilities, Weirdness & Mutations

You cannot wear boots.
Your serpentine skin is tough (AC +2).
You have supernaturally acute eyesight.
Armour fits poorly on your strangely shaped body.
Your system is resistant to poisons.
You cover ground very slowly.
You have a slow metabolism.
You can spit poison.


Message History

Press: ? - help, Dir - move target cursor, f - gnoll
Aim: a gnoll, wielding a halberd You reach to attack!
You hit the gnoll.
The gnoll is moderately wounded.
The gnoll hits you from afar with a halberd!
* * * LOW HITPOINT WARNING * * *
The gnoll hits you from afar with a spear!
* * * LOW HITPOINT WARNING * * *
You are too injured to fight recklessly!
You are too injured to fight recklessly!
The gnoll hits you from afar with a halberd.
* * * LOW HITPOINT WARNING * * *
A red film seems to cover your vision as you go berserk!
You feel yourself moving faster!
You feel mighty!
You feel quite a bit more hungry.
The gnoll hits you from afar with a halberd!
* * * LOW HITPOINT WARNING * * *
You feel a strong urge to attack something.
The gnoll hits you from afar with a spear!
You die...

#..... ..# ###.#
####### #...######
#...# #...# #.###
...# ######.## ##
#.......######.#
....####..........
.#.#####.######.#
.....##.# .
#.##.##@# #..
#.##.##g#
##...###....)g.#
.........##)####
.##.##.####)# #.
#)### g. #)..# g..
#.#.# .... #...#


You could see 2 gnolls.

Vanquished Creatures
  2 orc priests (D:3)
  2 orc wizards (D:3)
  5 gnolls (D:3)
  3 adders
  3 oozes
  2 worms (D:2)
  5 dart slugs
  5 giant geckos
  3 orcs (D:3)
  3 giant cockroaches
  8 goblins
  6 hobgoblins
  6 jackals
  6 bats
  6 giant newts
  5 kobolds
  4 rats
74 creatures vanquished.

Notes
Turn   | Place    | Note
--------------------------------------------------------------
     0 | D:1      | Kloppie the Naga Berserker began the quest for the Orb.
     0 | D:1      | Reached XP level 1. HP: 21/21 MP: 1/1
   144 | D:1      | Reached XP level 2. HP: 7/28 MP: 2/2
   951 | D:1      | Reached XP level 3. HP: 34/34 MP: 3/3
  1141 | D:1      | Reached ** piety under Trog
  1375 | D:1      | Reached skill level 4 in Polearms
  2036 | D:2      | Reached XP level 4. HP: 34/44 MP: 4/4
  2546 | D:2      | Found a snail-covered altar of Cheibriados.
  2694 | D:3      | Reached XP level 5. HP: 32/50 MP: 5/5
  2927 | D:3      | Reached skill level 5 in Polearms
  2929 | D:3      | Reached *** piety under Trog
  3196 | D:3      | Reached XP level 6. HP: 17/58 MP: 6/6
  3449 | D:3      | Slain by a gnoll

Skill      XL: |  1  2  3  4  5 |
---------------+----------------+-----
Polearms       | 4 5 |  5.8
Fighting       | 4 |  4.6
Armour         | |  1.5
Dodging        | |  1.5

Action                   |  1- 3 |  4- 6 || total
-------------------------+-------+-------++-------
Melee: Spear             |   135 |   177 ||   312
Invok: Berserk           |     1 |     2 ||     3
       Trog's Hand       |       |     2 ||     2
 Stab: Sleeping          |     1 |       ||     1
  Eat: Chunk             |     3 |     6 ||     9
Armor: Animal skin       |    11 |       ||    11
       Ring mail         |    29 |    43 ||    72
Dodge: Dodged            |    53 |    53 ||   106
